 Dungeon Crawl Stone Soup version 0.28-b1-25-g9875b3fc8c (webtiles) character file.

Game seed: 12853965043644336544

394 theElss the Skirmisher (level 6, -6/60 HPs)
             Began as a Gargoyle Berserker on Feb 6, 2022.
             Was a Priest of Trog.
             Killed by divine providence
             ... invoked by an orc priest
              (16 damage)
             ... on level 4 of the Dungeon.
             The game lasted 00:08:48 (3771 turns).

theElss the Skirmisher (Gargoyle Berserker)         Turns: 3771, Time: 00:08:49

Health: -6/60      AC: 14    Str: 23    XL:     6   Next: 82%
Magic:  6/6        EV: 11    Int:  7    God:    Trog [***...]
Gold:   104        SH:  0    Dex:  9    Spells: 5/5 levels left

rFire   . . .      SeeInvis .   v - +2 flail (protect)
rCold   + . .      Faith    +   (no shield)
rNeg    + . .      Spirit   .   j - +1 ring mail {rC+}
rPois   ∞          Reflect  .   r - +2 helmet
rElec   +          Harm     .   (no cloak)
rCorr   .          Rampage  .   (no gloves)
Will    ++...                   (no boots)
Stlth   ..........              i - amulet of faith
HPRegen 1.20/turn               (no ring)
MPRegen 0.10/turn               (no ring)

@: berserking, strong-willed, regenerating, very quick
A: sickness immunity, AC +4, negative energy resistance 1, electricity
resistance, torment resistance 1, petrification resistance
a: Renounce Religion, Berserk, Trog's Hand


You were on level 4 of the Dungeon.
You worshipped Trog.
Trog was most pleased with you.
You visited 1 branch of the dungeon, and saw 4 of its levels.

You collected 209 gold pieces.
You spent 105 gold pieces at shops.

Inventory:

Hand Weapons
 v - a +2 flail of protection (weapon)
Missiles
 m - 2 throwing nets (quivered)
Armour
 j - a +1 ring mail of cold resistance (worn)
 r - a +2 helmet (worn)
 s - a +0 plate armour
Jewellery
 i - an amulet of faith (around neck)
Wands
 b - a wand of acid (10)
 n - a wand of flame (24)
Scrolls
 e - 2 scrolls of teleportation {unknown}
 f - 2 scrolls of fear {unknown}
 g - 2 scrolls of enchant weapon {unknown}
 h - 3 scrolls of identify {unknown}
 k - a scroll of magic mapping {unknown}
 l - 3 scrolls of blinking
 o - a scroll of holy word {unknown}
 t - a scroll of immolation {unknown}
Potions
 c - a potion of curing {unknown}
 d - 2 potions of mutation {unknown}
 p - a potion of degeneration {unknown}
 q - a potion of might {unknown}
 u - a potion of berserk rage {unknown}


   Skills:
 + Level 4.8 Fighting
 + Level 4.3 Maces & Flails
 + Level 4.0 Armour
 + Level 2.9 Dodging
 + Level 1.8 Evocations


You had 5 spell levels left.
You didn't know any spells.
Your spell library was empty.

Dungeon Overview and Level Annotations

Branches:
Dungeon (4/15)             Temple (0/1) D:4

Altars:

Shops:
D:3 *


Innate Abilities, Weirdness & Mutations

You are immune to sickness and miasma.
Your stone body is resilient. (AC +4)
You are immune to poison.
You resist negative energy. (rN+)
You are resistant to electric shocks. (rElec)
You are resistant to unholy torment.
You are immune to petrification.


Message History

Found a ring mail. 2 orc priests come into view.
The orc priest shouts!
You hear a shout!
The orc priest invokes the aid of Beogh against you.
You barely resist.
The orc priest moves out of view.
You hear a bark!
An orc comes into view. It is wielding a +0 trident.
The orc priest calls down the wrath of Beogh upon you.
Pain shoots through your body!
The orc priest mumbles some strange prayers to Beogh against you.
Pain shoots through your body!
A jackal comes into view.
A kobold comes into view. It is wielding a +0 short sword.
You closely miss the orc priest.
The kobold shouts!
The orc hits you from afar with a +0 trident!
An orc comes into view. It is wielding a +0 flail.
The orc priest invokes the aid of Beogh against you.
Pain shoots through your body!
The orc priest looks braver for a moment.
The orc barely misses you.
The orc priest hits you but does no damage.
Unknown command.
Unknown command.
Your skin crawls.
You feel strong-willed.
The orc shouts!
The orc priest mumbles some strange prayers to Beogh against you.
Beogh smites you!
* * * LOW HITPOINT WARNING * * *
The orc hits you but does no damage.
The orc priest hits you with a +0 dagger.
* * * LOW HITPOINT WARNING * * *
You hear a shout!
A red film seems to cover your vision as you go berserk!
You feel yourself moving faster!
You feel mighty!
An orc comes into view. It is wielding a +0 dagger.
The orc priest mumbles some strange prayers to Beogh against you.
Beogh smites you!
You die...

.........###.# #..###..#
...........[.# #..##.##
.........#..######.#.)##
..............##........
...........##..#........
.........#..##......()..
........###..........<†.
........# ##.....##..###
#.#####@# #.....###....
#o# #........#### #o#
#.....##..... #o#
###.########. #h#
##.#####.... #K#
#.....[..### #o#
#...###### .o. #####


You could see 2 orc priests, 3 orcs, a jackal and a kobold.

Vanquished Creatures
  Edmund (D:4)
  An orc wizard (D:3)
  Ijyb (D:3)
  Terence (D:3)
  Robin (D:3)
  4 gnolls (D:3)
  A howler monkey skeleton (D:4)
  3 adders (D:2)
  2 dart slugs (D:1)
  11 orcs (D:3)
  6 bats
  8 endoplasms
  7 giant cockroaches
  13 goblins
  11 hobgoblins
  2 jackals (D:4)
  2 quokkas
  10 ball pythons
  4 frilled lizards
  6 kobolds
  6 rats
101 creatures vanquished.

Notes
Turn   | Place    | Note
-------+----------+-------------------------------------------
     0 | D:1      | theElss the Gargoyle Berserker began the quest for the Orb.
     0 | D:1      | Reached XP level 1. HP: 14/14 MP: 1/1
   226 | D:1      | Reached XP level 2. HP: 19/19 MP: 2/2
   740 | D:1      | Reached ** piety under Trog
   750 | D:1      | Reached XP level 3. HP: 23/23 MP: 3/3
  1347 | D:2      | Reached XP level 4. HP: 29/29 MP: 4/4
  1882 | D:2      | Found a faded altar of an unknown god.
  2308 | D:3      | Found Ipru's General Store.
  2315 | D:3      | Bought a scroll of blinking for 105 gold pieces
  2357 | D:3      | Noticed Robin
  2540 | D:4      | Identified the +3 leather armour of the Wheelwright {rF+
                  | Str+7 Dex+4}
  2614 | D:3      | Killed Robin
  2615 | D:3      | Reached XP level 5. HP: 33/33 MP: 5/5
  2694 | D:3      | Reached *** piety under Trog
  2778 | D:3      | Noticed Terence
  2842 | D:3      | Killed Terence
  2843 | D:3      | Reached skill level 1 in Evocations
  3013 | D:3      | Noticed Ijyb
  3024 | D:3      | Killed Ijyb
  3025 | D:3      | Reached XP level 6. HP: 39/39 MP: 6/6
  3598 | D:4      | Found a staircase to the Ecumenical Temple.
  3600 | D:4      | Noticed Edmund
  3619 | D:4      | Killed Edmund
  3771 | D:4      | Killed from afar by an orc priest

Illustrated notes

Levels and vault maps discovered:
D:1:      co_arrival_square_in_a_square_in_a_square, layout_basic
D:2:      layout_loops_ring, chequers_ecumenical_altar_grove, serial_aquarium,
          aquarium_bridge_straight [aquarium_subvault_bridge,
          aquarium_subvault_wall, aquarium_subvault_bridge,
          aquarium_subvault_wall], aquarium_window_1, aquarium_window_fake,
          aquarium_view_2f, hex_medium, minmay_pentomino_z4
D:3:      wander_river, layout_basic, serial_shops, shop_fountains,
          uniq_terence, uniq_ijyb, uniq_robin
D:4:      layout_rooms, mainiacjoe_overflow_catwalk, minmay_temple_entry_glass,
          uniq_edmund

Skill      XL: |  1  2  3  4  5  6 |
---------------+-------------------+-----
Dodging        | 2 |  2.9
Armour         | 3 4 |  4.0
Fighting       | 4 |  4.8
Evocations     | 1 |  1.8
Maces & Flails | 4 |  4.3

Action                   |  1- 3 |  4- 6 || total
-------------------------+-------+-------++-------
Melee: Mace              |   103 |   212 ||   315
       Punch             |     1 |     2 ||     3
       Flail             |       |     1 ||     1
Invok: Berserk           |       |     6 ||     6
       Trog's Hand       |       |     1 ||     1
 Stab: Sleeping          |     1 |       ||     1
Armor: Animal skin       |    50 |       ||    50
       Ring mail         |       |    85 ||    85
       Plate armour      |       |    59 ||    59
Dodge: Dodged            |    84 |   148 ||   232
